 Dungeon Crawl Stone Soup version 0.31-b1-20-g67cafac56d (webtiles) character file.

Game seed: 477464683508968079

1491 Esekla the Covert (level 8, 0/55 HPs)
             Began as an Octopode Delver on Jan 18, 2024.
             Was an Initiate of Gozag.
             Succumbed to an orc's poison
             ... on level 6 of the Dungeon.
             The game lasted 00:42:19 (5675 turns).

Esekla the Covert (Octopode Delver)                 Turns: 5675, Time: 00:42:20

Health: 0/55       AC:  1    Str:  9 (10) XL:     8   Next: 80%
Magic:  6/12       EV: 14    Int: 12 (13) God:    Gozag
Gold:   316        SH:  0    Dex: 15 (18) Spells: 2/13 levels left

rFire   . . .        s - +2 dagger (venom)
rCold   + . .        (no shield)
rNeg    . . .        (helmet restricted)
rPois   .            (no amulet)
rElec   .            n - ring of wizardry
rCorr   .            z - ring of protection from cold
SInv    .            (no ring)
Will    .....        (no ring)
Stlth   +++++        (no ring)
HPRegen 0.29/turn    (no ring)
MPRegen 0.13/turn    (no ring)
                     (no ring)

%: wizardry (x1)
@: mighty, lethally poisoned (0 -> -1), about to teleport, gold aura, hasted,
very quick
A: almost no armour, amphibious, 8 rings, camouflage 1, gelatinous body 1,
(nimble swimmer 1), tentacles, agile 1
a: Renounce Religion, Potion Petition, Call Merchant, Bribe Branch


You were on level 6 of the Dungeon.
You worshipped Gozag.
Gozag was aware of your devotion.
You visited 2 branches of the dungeon, and saw 7 of its levels.
You also visited: Sewer.

You collected 1217 gold pieces.
You spent 192 gold pieces at shops.
You paid 709 gold pieces to Gozag.

Inventory:

Hand Weapons
 a - a +0 falchion of freezing
 r - a +0 spear
 s - a +2 dagger of venom (weapon)
Missiles
 c - a curare-tipped dart
 h - 27 poisoned darts (quivered)
Jewellery
 n - a ring of wizardry (left tentacle)
 z - a ring of protection from cold (right tentacle)
Wands
 f - a wand of digging (3)
 v - a wand of flame (5)
 A - a wand of mindburst (6)
Scrolls
 b - 3 scrolls of fog
 e - 2 scrolls of butterflies
 i - a scroll of brand weapon
 q - a scroll of blinking
 t - 2 scrolls of fear
Potions
 l - a potion of invisibility
 m - a potion of attraction
 u - 2 potions of enlightenment


   Skills:
 * Level 5.2 Fighting
 + Level 1.9(3.7) Short Blades
 * Level 4.9(5.1) Long Blades
 + Level 2.0 Throwing
 * Level 4.0 Dodging
 + Level 9.8 Stealth
 * Level 3.2 Spellcasting
 * Level 0.5 Conjurations
 + Level 1.0 Translocations
 * Level 1.1 Fire Magic
 * Level 1.4 Alchemy


You had 2 spell levels left.
You knew the following spells:

 Your Spells              Type           Power      Damage    Failure   Level
e - Searing Ray           Conj           6%         2d4       12%         2
n - Ignite Poison         Fire/Alch      5%         N/A       45%         4
p - Apportation           Tloc           8%         N/A       6%          1
y - Sticky Flame          Fire/Alch      5%         2d4       45%         4

Your spell library contained the following spells:

 Spells                   Type           Power      Damage    Failure   Level
 Sting                    Conj/Alch      16%        1d4       6%          1
 Magic Dart               Conj           12%        1d3       8%          1
 Necrotise                Necr           4%         1d4       10%         1
 Summon Small Mammal      Summ           4%         N/A       10%         1
 Fulminant Prism          Conj/Alch      2%         3d5       52%         4
 Summon Lightning Spire   Summ/Air       1%         N/A       65%         4
 Lee's Rapid Deconstruct  Erth           0%         3d4*      92%         5
 Ignition                 Fire           2%         3d3       100%        8
 Animate Armour           Summ/Erth      Unusable   N/A       N/A         4

Dungeon Overview and Level Annotations

Branches:
Dungeon (6/15)             Temple (1/1) D:5           Sewer (visited)

Altars:
Ashenzari
Cheibriados
Dithmenos
Elyvilon
Fedhas
Gozag
Hepliaklqana
Kikubaaqudgha
Makhleb
Okawaru
Qazlal
Ru
Trog
Uskayaw
Vehumet
Wu Jian
Xom
Yredelemnul
Zin
The Shining One

Shops:
D:2 :

Annotations:
D:5 jelly
Temple 2 transporters


Innate Abilities, Weirdness & Mutations

You cannot wear most types of armour.
You are amphibious.
You can wear up to eight rings at the same time.
Your skin changes colour to match your surroundings (Stealth+).
Your rubbery body absorbs attacks. (AC +1, EV +1)
((You are camouflaged when in or above water. (Stealth+)))
You have tentacles for arms and can constrict up to eight enemies at once.
You are agile. (Dex +4, Str/Int -1)


Message History

The shadow closely misses you.
Press: ? - help, v - describe, . - travel, g - get item
Items here: 23 gold pieces; a +2 short sword of venom; a +0 leather armour.
The floor, spattered with blood.
You puncture the shadow!
You destroy the shadow!
* * * LOW HITPOINT WARNING * * *
You feel sick.
You feel your strength returning.
Your Throwing skill increases to level 2!
Your Dodging skill increases to level 4!
Your Fire Magic skill increases to level 1!
Okay, then.
The air fills with toxic fumes!
As you read the scroll labelled LISAUSTRANT, it crumbles to dust.
It was a scroll of poison.
* * * LOW HITPOINT WARNING * * *
You feel sick.
There is a lethal amount of poison in your body!
As you read the scroll labelled LEPIZOORRIWYE, it crumbles to dust.
It is a scroll of enchant armour.
You aren't carrying any armour which can be enchanted further.
As you read the scroll labelled SANWUN ZAPP, it crumbles to dust.
It is a scroll of amnesia.
Okay, then.
* * * LOW HITPOINT WARNING * * *
You feel sick.
Okay, then.
Okay, then.
As you read the scroll labelled MIVVI NAMAUCO, it crumbles to dust.
You feel strangely unstable.
It was a scroll of teleportation.
As you read the scroll labelled DOOLLO MOFFUYFAE, it crumbles to dust.
You hear a loud clanging noise!
It was a scroll of noise.
* * * LOW HITPOINT WARNING * * *
You feel sick.
Okay, then.
There is a lethal amount of poison in your body!
You die...
Your body crumbles into a pile of gold.

#....##.......#
#.....#§§§§§§§#
#.....#§§§§§§§#
#.....#§§§§§§§#
####'####§§§§§§#
#......§#§§§§§§#
#.......§§§§§§§#
#.......#§§§§§§#
#.......#@§§§§§#
#.......#§§§§§§#
#.......#§§§§§§# ...#
#.......#§§§§§§#....#
#.......#§§§§§§#....#.....
#.......######§##...#.....
########.....#§##...#.....
#.....#)§....#.....
##.....'{.o...#.....


There were no monsters in sight!

Vanquished Creatures
  A shadow (D:6)
  An ice beast (D:6)
  A black bear (D:4)
  2 kobold brigands (Sewer)
  A scorpion (D:4)
  A bullfrog (D:6)
  2 bombardier beetles (D:4)
  A crimson imp (D:4)
  Crazy Yiuf (D:2)
  2 jellies
  2 hounds
  A gnoll bouda (D:4)
  4 iguanas (D:4)
  A sleepcap (D:4)
  2 orc wizards (D:5)
  Robin (D:2)
  7 gnolls
  16 adders
  2 river rats
  2 white imps
  2 dart slugs (D:3)
  8 ribbon worms
  15 orcs
  13 ball pythons
  13 endoplasms
  5 giant cockroaches
  10 hobgoblins
  4 jackals (D:5)
  5 quokkas
  6 bats
  5 frilled lizards
  12 goblins
  14 kobolds
  11 rats
174 creatures vanquished.

Notes
Turn   | Place    | Note
-------+----------+-------------------------------------------
     0 | D:5      | Esekla the Octopode Delver began the quest for the Orb.
     0 | D:5      | Reached XP level 1. HP: 16/16 MP: 1/1
    30 | D:5      | Found a staircase to the Ecumenical Temple.
    30 | D:5      | Noticed an orc wizard
    30 | D:5      | Noticed an orc wizard
    37 | D:5      | Killed an orc wizard
    38 | D:5      | Reached skill level 7 in Stealth
    38 | D:5      | Reached XP level 2. HP: 14/21 MP: 2/2
    38 | D:5      | Reached XP level 3. HP: 18/26 MP: 3/3
    54 | D:5      | Reached skill level 1 in Spellcasting
    54 | D:5      | Reached XP level 4. HP: 6/31 MP: 3/5
    62 | Temple   | Found a transporter.
    62 | Temple   | Found a transporter.
    62 | Temple   | Found a transporter.
    62 | Temple   | Found a transporter.
    62 | Temple   | Entered the Ecumenical Temple
    80 | Temple   | Became a worshipper of Gozag Ym Sagoz the Greedy
   194 | D:5      | Found a glowing drain.
   202 | Sewer    | Entered a sewer
   339 | Sewer    | Reached XP level 5. HP: 32/36 MP: 6/6
   492 | Sewer    | Noticed a kobold brigand
   509 | Sewer    | Killed a kobold brigand
   510 | Sewer    | Reached skill level 8 in Stealth
   551 | Sewer    | Reached XP level 6. HP: 40/43 MP: 8/8
  1113 | D:4      | Noticed a black bear
  1585 | D:2      | Found a faded altar of an unknown god.
  1844 | D:1      | Reached skill level 9 in Stealth
  1968 | D:1      | Reached XP level 7. HP: 48/48 MP: 9/9
  2530 | D:2      | Noticed Robin
  2718 | D:2      | Killed Robin
  2985 | D:2      | Found a runed translucent door.
  2986 | D:2      | Noticed Crazy Yiuf
  2993 | D:2      | Killed Crazy Yiuf
  3759 | D:2      | Bought a book of Cantrips for 192 gold pieces
  3761 | D:2      | Learned a level 1 spell: Apportation
  4298 | D:4      | Found a glowing golden altar of the Shining One.
  4301 | D:4      | Found an ancient bone altar of Kikubaaqudgha.
  4301 | D:4      | Found a glowing silver altar of Zin.
  4301 | D:4      | Found a shadowy altar of Dithmenos.
  4338 | D:4      | Reached skill level 1 in Throwing
  4387 | D:4      | Found a stormy altar of Qazlal.
  4387 | D:4      | Found a hide-covered altar of Uskayaw.
  4487 | D:4      | Reached XP level 8. HP: 54/54 MP: 12/12
  4514 | D:4      | Reached skill level 1 in Short Blades
  4801 | D:4      | Learned a level 4 spell: Sticky Flame
  4806 | D:4      | Learned a level 4 spell: Ignite Poison
  5485 | D:6      | Reached skill level 1 in Translocations
  5485 | D:6      | Reached skill level 1 in Alchemy
  5491 | D:6      | Learned a level 2 spell: Searing Ray
  5549 | D:6      | Found a blossoming altar of Fedhas.
  5558 | D:6      | Noticed a shadow
  5630 | D:6      | Reached skill level 5 in Fighting
  5667 | D:6      | Gained mutation: You are agile. (Dex +4, Str/Int -1)
                  | [potion of mutation]
  5669 | D:6      | Killed a shadow
  5670 | D:6      | Reached skill level 1 in Fire Magic
  5670 | D:6      | HP: 2/55 [poisoned by an orc]
  5675 | D:6      | Succumbed to an orc's poison

Illustrated notes

Levels and vault maps discovered:
D:1:      roadster_arrival_rocket_small, layout_basic
D:2:      layout_basic, shapermc_ecumenical_altar_totnotflames, st_stairs_7,
          serial_park_tiny_1, uniq_robin, uniq_crazy_yiuf_cottage
D:3:      layout_rooms, grunt_ministairs_3
D:4:      layout_basic, minmay_overflow_temple_hex, minmay_fire_ice_demons
D:5:      layout_gridville, minmay_temple_entry_fiery,
          lightli_sewer_entry_pipes, serial_bayou_lake_a
D:6:      layout_gridville, nicolae_sif_muna_little_library,
          mainiacjoe_overflow_boulevard, minmay_manual_monstrance
Temple:   hellmonk_temple_divided_pantheon

Skill      XL: |  1  2  3  4  5  6  7  8 |
---------------+-------------------------+-----
Stealth        | 7 8 9 |  9.8
Spellcasting   | 1 2 3 |  3.2
Long Blades    | 3 4 |  4.9
Fighting       | 4 5 |  5.2
Dodging        | 3 4 |  4.0
Throwing       | 1 2 |  2.0
Short Blades   | 1 |  1.9
Translocations | 1 |  1.0
Alchemy        | 1 |  1.4
Fire Magic     | 1 |  1.1
Conjurations   | |  0.5

Action                     |  1- 3 |  4- 6 |  7- 9 || total
---------------------------+-------+-------+-------++-------
  Melee: Falchion          |    20 |    84 |    72 ||   176
         Tentacles         |     6 |    19 |    42 ||    67
         Constrict         |     4 |    22 |    42 ||    68
         Dagger            |       |    52 |    93 ||   145
         Punch             |       |     2 |     5 ||     7
  Throw: Dart              |       |       |    44 ||    44
   Cast: Apportation       |       |       |    15 ||    15
         Searing Ray       |       |       |     4 ||     4
 Invoke: Call Merchant     |       |       |     1 ||     1
  Evoke: Wand              |       |       |     1 ||     1
    Use: Potion            |     1 |       |     9 ||    10
         Scroll            |       |     2 |    13 ||    15
   Stab: Sleeping          |       |    41 |    23 ||    64
         Fleeing           |       |     1 |       ||     1
         Distracted        |       |     1 |     2 ||     3
 Armour: Skin              |     5 |    30 |    74 ||   109
  Dodge: Dodged            |     6 |    52 |    89 ||   147
